 Dungeon Crawl Stone Soup version 0.23-a0-490-ge7ea69a (webtiles) character file.

670 zishaf the Insei (level 7, 0/37 HPs)
             Began as a Vine Stalker Transmuter on Dec 3, 2018.
             Was an Initiate of Okawaru.
             Slain by Duvessa
             ... wielding a +2 short sword of speed
              (4 damage)
             ... on level 4 of the Dungeon.
             The game lasted 00:13:41 (3814 turns).

zishaf the Insei (Vine Stalker Transmuter)          Turns: 3814, Time: 00:13:41

Health: 0/37       AC:  7    Str: 13    XL:     7   Next: 58%
Magic:  0/11       EV:  7    Int: 15    God:    Okawaru [......]
Gold:   114        SH: 10    Dex: 14    Spells: 2/10 levels left

rFire    . . .     SeeInvis .   b - +1 hand axe (freeze)
rCold    . . .     Gourm    .   l - +0 large shield
rNeg     . . .     Faith    .   g - +0 ring mail
rPois    .         Spirit   +   t - +0 helmet
rElec    .         Reflect  .   (no cloak)
rCorr    +         Harm     .   f - +0 pair of gloves
MR       .....                  (no boots)
Stlth    +.........             (no amulet)
HPRegen  0.52/turn              h - ring of resist corrosion
MPRegen  0.12/turn              (no ring)

@: hasted, drained, very quick
A: fangs 2, regeneration 1, magic shield, antimagic bite, no potion heal 3, rot
immunity
a: Renounce Religion


You were on level 4 of the Dungeon.
You worshipped Okawaru.
Okawaru was noncommittal.
You were not hungry.

You visited 1 branch of the dungeon, and saw 4 of its levels.

You collected 114 gold pieces.

Inventory:

Hand Weapons
 a - a +0 hunting sling
 b - a +1 hand axe of freezing (weapon)
 p - a +0 blowgun
Missiles
 m - 97 arrows
 o - 136 stones
 v - 7 tomahawks (quivered)
 x - 8 sling bullets
 C - 22 poisoned needles
Armour
 f - a +0 pair of gloves (worn)
 g - a +0 ring mail (worn)
 l - a +0 large shield (worn)
 t - a +0 helmet (worn)
Jewellery
 h - a ring of resist corrosion (left hand)
 A - an uncursed ring of ice
 D - an uncursed ring of fire
Wands
 w - a wand of flame (18)
Scrolls
 c - 2 scrolls of enchant weapon
 j - a scroll of amnesia
 k - a scroll of immolation {unknown}
 n - a scroll of fog
 q - a scroll of remove curse
 s - 3 scrolls of teleportation {2pack}
Potions
 e - 2 potions of brilliance {unknown}
 i - a potion of berserk rage {unknown}
 u - a potion of lignification {unknown}
 z - a potion of curing {unknown}
Comestibles
 d - 6 rations


   Skills:
 * Level 4.3(3.8) Fighting
 - Level 4.0(3.5) Dodging
 + Level 4.4(3.8) Unarmed Combat
 - Level 2.1(1.7) Spellcasting
 + Level 3.7(3.2) Transmutations


You had 2 spell levels left.
You knew the following spells:

 Your Spells              Type           Power        Failure   Level  Hunger
a - Beastly Appendage     Tmut           ##....       98%         1    ##.....
b - Sticks to Snakes      Tmut           ##......     99%         2    ###....
c - Blade Hands           Tmut           ##........   100%        5    ######.

Your spell library contained the following spells:

 Spells                   Type           Power        Failure   Level  Hunger
 Spider Form              Tmut/Pois      #.........   100%        3    ####...
 Ice Form                 Ice/Tmut       #.......     100%        4    #####..


Dungeon Overview and Level Annotations

Branches:
Dungeon (4/15)             Temple (0/1) D:4

Altars:
Nemelex Xobeh
Okawaru
Sif Muna
Trog
Wu Jian
Zin

Annotations:
D:4 Duvessa


Innate Abilities, Weirdness & Mutations

You have extremely sharp teeth.
Your natural rate of healing is unusually fast.
When hurt, damage is shared between your health and your magic reserves.
Your bite disrupts and absorbs the magic of your enemies.
Potions cannot restore your health.
You are immune to rotting.


Message History

Duvessa hits you with a +2 short sword of speed!
* * * LOW HITPOINT WARNING * * *
Duvessa drinks a potion.
Duvessa flickers and vanishes!
Deactivating autopickup; reactivate with Ctrl-A.
Your shield prevents you from hitting something.
Your bite misses something. Something hits you but does no damage.
You barely miss something. Your bite misses something.
Something hits you but does no damage.
You barely miss something. You bite something. You block something's attack.
You closely miss something. Something completely misses you.
You hit something but do no damage. You bite something. Something hits you.
* * * LOW HITPOINT WARNING * * *
You hit something but do no damage. You hit something but do no damage.
You bite something. Something hits you but does no damage.
You hit something. You freeze something. Your bite misses something.
You block something's attack.
Your shield prevents you from hitting something.
Something hits you.
You die...

#### #.# #.# #§§###.####.###
≈§≈§≈#........# #######
..§≈..........# #.....# ....
§..§..........# #.....#..........
§§............###.....#..........
§§##..................#..........
######................##.........
######..###.....@......#.........
....>...........{................
.....#.####...................#
...#.#.........##..........#..#
...........................#..#
...........................#..#
..............................#
..##.......##......##......##.#
..##.......##......##......# .###


There were no monsters in sight!

Vanquished Creatures
  A phantom (D:4)
  A scorpion (D:4)
  Dowan (D:4)
  A bullfrog zombie (D:3)
  A hound (D:4)
  2 orc priests
  A bullfrog skeleton (D:4)
  3 orc wizards
  Ijyb (D:3)
  An iguana (D:3)
  Robin (D:4)
  5 adders
  An ooze (D:2)
  4 worms
  A dart slug (D:3)
  7 leopard geckos
  11 orcs
  A ball python (D:4)
  5 giant cockroaches
  21 goblins
  10 hobgoblins
  12 jackals
  9 kobolds
  A quokka (D:3)
  5 bats
  6 frilled lizards
  10 rats
123 creatures vanquished.

Notes
Turn   | Place    | Note
-------+----------+-------------------------------------------
     0 | D:1      | zishaf the Vine Stalker Transmuter began the quest for the
                  | Orb.
     0 | D:1      | Reached XP level 1. HP: 9/9 MP: 4/4
     5 | D:1      | Reached skill level 1 in Fighting
   422 | D:1      | Reached XP level 2. HP: 14/14 MP: 6/6
  1039 | D:2      | Found a sparkling altar of Nemelex Xobeh.
  1151 | D:2      | Reached XP level 3. HP: 12/18 MP: 4/7
  1220 | D:2      | Learned a level 2 spell: Sticks to Snakes
  1572 | D:2      | Gained mutation: Your natural rate of healing is unusually
                  | fast. [Vine Stalker growth]
  1572 | D:2      | Reached XP level 4. HP: 23/23 MP: 8/8
  1933 | D:3      | Found a glowing silver altar of Zin.
  1956 | D:3      | Found a bloodstained altar of Trog.
  2076 | D:3      | Found an ornate altar of the Wu Jian Council.
  2392 | D:3      | Noticed Ijyb
  2502 | D:3      | Reached XP level 5. HP: 27/27 MP: 7/9
  2680 | D:3      | Reached XP level 6. HP: 27/32 MP: 10/10
  2707 | D:3      | Learned a level 5 spell: Blade Hands
  2819 | D:3      | Killed Ijyb
  2903 | D:3      | Found a deep blue altar of Sif Muna.
  2982 | D:4      | Noticed Dowan
  2982 | D:4      | Noticed Duvessa
  3012 | D:4      | Found an iron altar of Okawaru.
  3172 | D:4      | Noticed Robin
  3392 | D:4      | Killed Robin
  3392 | D:4      | Reached XP level 7. HP: 37/37 MP: 11/11
  3419 | D:4      | Killed Dowan
  3617 | D:4      | Became a worshipper of Warmaster Okawaru
  3683 | D:4      | Found a staircase to the Ecumenical Temple.
  3805 | D:4      | HP: 1/37 [Duvessa/+2 short sword of speed (2)]
  3814 | D:4      | Slain by Duvessa

Vault maps used:
D:1:      dpeg_arrival_brainrot
D:2:      nemelex_xobeh_ov_fountains_minmay
D:3:      lemuel_crystal_altar, old_standard_altar, bloody_trog,
          lemuel_blue_sif_altar, serial_glass, glass_columns_c, glass_columns_c,
          st_stairs_10, uniq_ijyb
D:4:      lemuel_zombie_altar_yredelemnul, okawaru_metal_pillars_3,
          minmay_temple_entry_fiery, uniq_duvessa, uniq_robin

Skill      XL: |  1  2  3  4  5  6  7 |
---------------+----------------------+-----
Fighting       | 1 2 3 4 |  4.3
Dodging        | 2 3 4 |  4.0
Transmutations | 3 |  3.7
Unarmed Combat | 4 |  4.4
Spellcasting   | |  2.1

Action                   |  1- 3 |  4- 6 |  7- 9 || total
-------------------------+-------+-------+-------++-------
Melee: Unarmed           |    33 |     1 |       ||    34
       Bite              |     8 |    34 |    28 ||    70
       Hand axe          |       |   141 |    94 ||   235
 Fire: Hunting sling     |   127 |   195 |     6 ||   328
Throw: Tomahawk          |       |     2 |       ||     2
  Use: Scroll            |       |     7 |       ||     7
       Potion            |       |       |     1 ||     1
 Stab: Sleeping          |     1 |       |       ||     1
  Eat: Chunk             |     2 |     6 |     2 ||    10
Armor: Ring mail         |    27 |   170 |    39 ||   236
       Robe              |     1 |       |       ||     1
Dodge: Dodged            |    29 |   100 |    26 ||   155
Block: Large shield      |    58 |   260 |    50 ||   368

Table legend:
 A = Non-vault XP
 B = Vault XP
 C = Vault XP percentage of total XP
 D = Non-vault monster count
 E = Vault monster count
 F = Vault count percentage of total count
                 A         B        C        D         E       F
            +---------+---------+-------+---------+---------+-------
      Total |     813 |     145 |  15.1 |     107 |      16 |  13.0
            +---------+---------+-------+---------+---------+-------
        D:1 |      24 |       2 |   7.7 |      14 |       1 |   6.7
        D:2 |      84 |       0 |   0.0 |      39 |       0 |   0.0
        D:3 |     310 |      45 |  12.7 |      36 |       6 |  14.3
        D:4 |     395 |      98 |  19.9 |      18 |       9 |  33.3
            +---------+---------+-------+---------+---------+-------
